 Dungeon Crawl Stone Soup version 0.27-a0-637-g3a9f0a9c12 (webtiles) character file.

Game seed: 16016611554292883786

259096 Ijustatesigmund the Warrior (level 19, -8/107 (176) HPs)
             Began as a Demonspawn Fighter on Mar 12, 2021.
             Was the Champion of Cheibriados.
             Killed from afar by Mara (35 damage)
             ... with a bolt of fire
             ... on level 2 of the Shoals on Mar 15, 2021.
             The game lasted 01:34:43 (31471 turns).

Ijustatesigmund the Warrior (Demonspawn Fighter)   Turns: 31471, Time: 01:34:48

HP:   -8/107 (176)  AC: 27    Str: 35    XL:     19   Next: 52%
MP:   22/22         EV: 24    Int: 26    God:    Cheibriados [******]
Gold: 2003          SH: 23    Dex: 35    Spells: 16/18 levels left

rFire    . . .     SeeInvis .   a - +4 war axe (vamp)
rCold    + + +     Faith    .   c - +3 kite shield
rNeg     . . .     Spirit   .   i - +7 ice dragon scales of Durable Creativity {rPois rF- rC++ Will+}
rPois    +         Reflect  +   u - +0 hat of Lakal {Regen+}
rElec    .         Harm     .   v - scarf {rC+ rF+}
rCorr    .         Rampage  .   y - +2 pair of gloves
Will     ++...                  (boots unavailable)
Stlth    +.........             b - amulet of reflection
HPRegen  1.27/turn              g - +4 ring of evasion
MPRegen  0.18/turn              Z - ring of Ilixifuk {+Fly rPois MP-9 Str+2 Dex+2}

@: very heavily drained, very slow
A: talons 3, rugged brown scales 3, foul stench 2, powered by death 2,
augmentation 2
}: 1/15 runes: gossamer
a: Renounce Religion, Evoke Flight, Bend Time, Temporal Distortion, Slouch, Step
From Time


You were on level 2 of the Shoals.
You worshipped Cheibriados.
Cheibriados was exalted by your worship.
You visited 6 branches of the dungeon, and saw 31 of its levels.
You also visited: Ossuary, Gauntlet, Ice Cave and Volcano.

You collected 2921 gold pieces.
You spent 918 gold pieces at shops.

Inventory:

Hand Weapons
 a - a +4 vampiric war axe (weapon)
 n - a +1 broad axe of flaming
Missiles
 J - 33 silver javelins (quivered)
 L - 3 curare-tipped darts
Armour
 c - a +3 kite shield (worn)
 i - the +7 ice dragon scales of Durable Creativity (worn) {rPois rF- rC++ Will+}
   (You found it in an ice cave)

   It makes you vulnerable to fire.
   It greatly protects you from cold.
   It protects you from poison.
   It affects your willpower, your defense against some magical effects.
 u - the +0 hat of Lakal (worn) {Regen+}
   (You found it in a Gauntlet)

   It increases your rate of regeneration.
 v - a scarf of resistance (worn)
 y - a +2 pair of gloves (worn)
 O - quicksilver dragon scales
Jewellery
 b - an amulet of reflection (around neck)
 e - the ring "Jasunauf" {Fire rN+ Dex-4 SInv}
   (You found it on level 2 of the Spider Nest)

   [ring of fire]

   It enhances your fire magic.
   It affects your dexterity (-4).
   It protects you from fire.
   It makes you vulnerable to cold.
   It protects you from negative energy.
   It lets you see invisible.
 g - a +4 ring of evasion (right hand)
 m - a +4 ring of evasion
 D - a ring of wizardry
 K - a ring of protection from fire
 Q - a ring of resist corrosion
 R - the ring "Kuolas" {rF+ Int+7}
   (You found it on level 14 of the Dungeon)

   [ring of protection from fire]

   It affects your intelligence (+7).
   It protects you from fire.
 S - a ring of wizardry
 V - a ring of see invisible
 Y - an amulet of regeneration
 Z - the ring of Ilixifuk (left hand) {+Fly rPois MP-9 Str+2 Dex+2}
   (You bought it in a shop on level 1 of the Shoals)

   [ring of flight]

   It affects your strength (+2).
   It affects your dexterity (+2).
   It protects you from poison.
   It affects your magic capacity (-9).
   It lets you fly.
Wands
 f - a wand of iceblast (2)
 j - a wand of mindburst (36)
 t - a wand of flame (50)
 w - a wand of charming (7)
 x - a wand of digging (9)
 C - a wand of acid (7)
 M - a wand of polymorph (32)
Scrolls
 h - 2 scrolls of fog
 l - 5 scrolls of immolation
 o - 11 scrolls of teleportation
 s - 3 scrolls of torment
 B - 6 scrolls of amnesia
 F - 2 scrolls of holy word
 G - 3 scrolls of magic mapping
 H - a scroll of blinking
 N - 13 scrolls of identify
 U - 2 scrolls of fear
Potions
 d - 4 potions of flight
 k - 10 potions of curing
 p - 5 potions of heal wounds
 q - 2 potions of might
 r - 10 potions of ambrosia
 z - 3 potions of brilliance
 A - 2 potions of attraction
 P - 4 potions of mutation
 T - 2 potions of resistance
 W - 2 potions of invisibility
 X - a potion of magic


   Skills:
 - Level 18.9 Fighting
 + Level 16.1 Axes
 - Level 11.0 Armour
 + Level 9.0 Dodging
 + Level 9.6 Shields
 - Level 6.3 Translocations
 + Level 17.5 Invocations
 - Level 7.4 Evocations


You had 16 spell levels left.
You knew the following spells:

 Your Spells              Type           Power      Damage    Failure   Level
a - Blink                 Tloc           N/A        N/A       5%          2

Your spell library contained the following spells:

 Spells                   Type           Power      Damage    Failure   Level
 Gell's Gravitas          Tloc           16%        N/A       11%         3
 Foxfire                  Conj/Fire      0%         2x1d4     43%         1
 Magic Dart               Conj           0%         1d3       43%         1
 Sandblast                Erth           0%         2d4       43%         1
 Shock                    Conj/Air       0%         1d3       43%         1
 Call Imp                 Summ           0%         N/A       56%         2
 Passwall                 Tmut/Erth      0%         N/A       56%         2
 Slow                     Hex            0%         N/A       56%         2
 Swiftness                Air            0%         N/A       56%         2
 Confusing Touch          Hex            0%         N/A       80%         3
 Conjure Flame            Conj/Fire      0%         6-21      80%         3
 Inner Flame              Hex/Fire       0%         N/A       80%         3
 Mephitic Cloud           Conj/Pois/Air  0%         N/A       80%         3
 Static Discharge         Conj/Air       0%         N/A       80%         3
 Stone Arrow              Conj/Erth      0%         3d7       80%         3
 Airstrike                Air            0%         N/A       99%         4
 Petrify                  Tmut/Erth      0%         N/A       99%         4
 Sticky Flame             Conj/Fire      0%         2d3       99%         4
 Fireball                 Conj/Fire      0%         3d3       100%        5
 Irradiate                Conj/Tmut      0%         3d13      100%        5
 Lee's Rapid Deconstruct  Erth           0%         3d5*      100%        5
 Lightning Bolt           Conj/Air       0%         1d11      100%        5
 Metabolic Englaciation   Hex/Ice        0%         N/A       100%        5
 Yara's Violent Unravell  Hex/Tmut       0%         3d3       100%        5
 Hydra Form               Tmut           0%         N/A       100%        6
 Starburst                Conj/Fire      0%         8x6d3     100%        6
 Statue Form              Tmut/Erth      0%         N/A       100%        6
 Dragon Form              Tmut           0%         N/A       100%        7
 Ignition                 Fire           0%         3d3       100%        8


Dungeon Overview and Level Annotations

Branches:
Dungeon (15/15)            Temple (1/1) D:5            Lair (6/6) D:8
 Shoals (3/4) Lair:4       Spider (4/4) Lair:3        Slime (0/5) Lair:6
    Orc (2/2) D:9             Elf (0/3) Orc:2        Vaults (0/5) D:13
 Depths (0/5) D:15        Ossuary (visited)           IceCv (visited)
Volcano (visited)         Gauntlet (visited)

Altars:
Ashenzari
Cheibriados
Dithmenos
Elyvilon
Fedhas
Gozag
Hepliaklqana
Kikubaaqudgha
Makhleb
Nemelex Xobeh
Okawaru
Qazlal
Ru
Sif Muna
Trog
Uskayaw
Vehumet
Wu Jian
Xom
Yredelemnul
Zin
The Shining One
Beogh

Shops:
D:10 (   D:15 =(?   Orc:2 =*(*(   Shoals:1 =

Portals:
Pandemonium: Orc:2
Trove: D:12 (give 13 potions of heal wounds)

Annotations:
D:8 exclusion: oklob plant
Lair:1 3 runed translucent doors, Bapho's ghost, journeyman OpWz
Shoals:2 Mara


Innate Abilities, Weirdness & Mutations

You have claws for feet.
You are completely covered in rugged brown scales. (AC +3, +7% HP)
You sometimes emit foul miasma when damaged in melee.
You regenerate health from kills.
Your magical and physical power is enhanced at high health.


Message History

Mara is heavily wounded.
Mara says, "Entranced by some poetic flight, are you?"
Mara hits you but does no damage.
You feel drained. You block Mara's attack.
Unknown command.
You slash Mara! Your kick misses Mara.
Mara is heavily wounded.
Mara hits you from afar with a +4 demon trident of draining!
You feel drained. Mara hits you but does no damage.
You feel drained.
Unknown command.
You slice Mara!! You claw Mara, but do no damage.
Mara is severely wounded.
Ijustatesigmund's illusion casts a spell.
Ijustatesigmund's illusion blinks!
Mara misses you.
Mara gestures.
You block Mara's attack.
You hit Mara but do no damage. Your kick misses Mara.
Mara is severely wounded.
Ijustatesigmund's illusion gestures wildly while chanting.
Ijustatesigmund's illusion blinks!
Unknown command.
You slice Mara!! You claw Mara!
Mara is almost dead.
You completely miss Ijustatesigmund's illusion.
Mara misses you. Mara closely misses you. Mara gestures at you.
The bolt of fire hits you!!!
Ouch! That really hurt!
Ijustatesigmund's illusion casts a spell.
Ijustatesigmund's illusion blinks!
You are engulfed in a cloud of scalding steam.
* * * LOW HITPOINT WARNING * * *
You block Mara's attack.
Mara blinks!
You block Mara's attack.
Mara hits you from afar with a +4 demon trident of draining!
* * * LOW HITPOINT WARNING * * *
You feel drained.
* * * LOW HITPOINT WARNING * * *
You block Mara's attack. Mara gestures at you. The bolt of fire hits you!!
You die...

#(#.....(.###≈..R.≈###≈≈≈≈≈≈≈≈
###.......#.≈≈.≈.≈..≈#.≈≈≈≈≈≈≈
≈≈........#....≈≈≈≈..#.≈≈≈≈≈≈≈
≈≈........#...≈..≈≈..#.≈≈≈≈≈≈≈
....."....###...@..###.≈≈≈≈≈≈≈
.......[.≈..##§§..##..)≈.≈≈≈≈≈
.............#.≈RR#..≈≈≈≈≈≈≈≈≈
...≈...###.=)#§§§.#...≈≈≈≈≈≈≈≈≈
...≈≈≈[##....##>@##...≈≈≈≈≈≈≈≈≈
....≈........≈####≈.(.≈≈≈≈≈≈≈≈≈
.≈....###..≈.≈....)≈≈≈...≈≈≈≈≈≈
.≈....##..≈≈......[≈≈≈###.≈≈≈≈≈
≈≈........≈.......≈≈≈.##..≈≈≈≈≈
≈≈≈..≈...≈≈≈≈≈≈≈.≈≈≈≈..#.≈≈≈≈≈≈
≈≈≈≈.≈.≈.≈≈≈≈≈≈≈≈≈≈≈≈≈..≈≈≈≈≈≈≈
≈≈≈≈≈≈≈≈≈≈≈≈≈≈.≈(≈≈≈≈≈≈≈≈≈≈≈≈≈≈
≈≈≈≈≈≈≈≈≈≈≈≈≈≈≈≈≈≈≈≈≈≈≈≈≈≈≈≈≈≈≈


You could see 2 Maras.

Vanquished Creatures
  Nikola (Shoals:2)
  Arachne (Spider:4)
  Jorgrun (Shoals:1)
  2 krakens (Shoals:1)
  Frances (D:14)
  A tengu reaver (D:14)
  Kirke (D:15)
  Agnes (Spider:1)
  The ghost of Giczil the Swashbuckler, an adept HOFi of Beogh (Shoals:2)
  Ilsuiw (Shoals:2)
  5 ghost moths
  2 emperor scorpions
  The ghost of Keridd the Carver, a journeyman DsFi of Okawaru (Spider:2)
  2 orc warlords (Orc:1)
  Nessos (D:12)
  3 entropy weavers
  A minotaur (Gauntlet)
  A red draconian (Volcano)
  3 spark wasps
  2 ettins
  2 merfolk javelineers (Shoals:2)
  Josephine (Lair:4)
  Fannar (Lair:3)
  4 merfolk impalers
  4 vault guards (D:13)
  A shambling mangrove (Lair:6)
  10 hydras
  2 ogre magi (D:15)
  6 boulder beetles
  4 merfolk avatars
  A catoblepas (Lair:4)
  An alligator snapping turtle (Shoals:2)
  6 death yaks (Lair:6)
  3 merfolk aquamancers (Shoals:2)
  A satyr (Shoals:2)
  7 two-headed ogres
  A dancing weapon (Shoals:2)
  5 tengu warriors
  5 centaur warriors
  A death knight (D:15)
  3 orc high priests (Orc:2)
  A deep elf knight (D:15)
  Urug (Orc:1)
  A sun demon (Orc:2)
  3 skeletal warriors (D:15)
  3 sea snakes
  An unseen horror (D:14)
  A wizard (D:15)
  2 infernal demonspawn (Orc:2)
  A gelid demonspawn (Orc:2)
  11 orc sorcerers
  5 orc knights (Orc:2)
  21 orb spiders
  6 harpies (Shoals:2)
  2 lindwurms (Lair:6)
  34 wolf spiders
  A deep elf zephyrmancer (D:15)
  9 ugly things
  A moth of wrath (Gauntlet)
  14 fauns
  10 manticores
  4 cyclopes
  17 elephants
  9 merfolk sirens
  A black mamba (Lair:1)
  3 ice statues (IceCv)
  3 water nymphs
  25 cane toads
  4 centaur skeletons
  2 gargoyles
  2 torpor snails
  A kobold demonologist (D:14)
  An efreet (D:15)
  10 komodo dragons
  2 yaktaurs (Volcano)
  18 demonic crawlers
  3 ice devils
  2 tengu conjurers
  A hellwing (Orc:2)
  A jumping spider (shapeshifter) (D:14)
  4 tyrant leeches (Lair:6)
  9 trolls
  9 meliai
  A queen bee (D:13)
  37 jumping spiders
  4 polar bears
  4 wind drakes
  20 merfolk
  8 hornets
  12 snapping turtles
  Prince Ribbit (D:7)
  31 blink frogs
  2 dream sheep (Shoals:1)
  A vampire (D:12)
  6 water elementals
  75 redbacks
  38 yaks
  3 wyverns
  Sigmund (D:2)
  A ynoxinul (Gauntlet)
  A tarantella (shapeshifter) (D:15)
  26 tarantellas
  7 fire bats (Volcano)
  7 wraiths
  A yak (shapeshifter) (D:14)
  Grum (D:11)
  5 hogs (D:15)
  3 basilisks
  11 vampire mosquitoes
  3 wargs
  A warg (shapeshifter) (D:15)
  2 acid dragons (D:14)
  7 water moccasins
  38 orc warriors
  A swamp drake (D:12)
  Purgy (D:3)
  2 removed eyes of draining (D:12)
  4 black bears
  11 ice beasts
  11 ogres
  A sky beast (D:10)
  A necrophage (D:13)
  11 centaurs
  21 wolves
  3 phantoms
  2 kobold brigands
  33 bullfrogs
  A water moccasin zombie (D:7)
  4 scorpions
  27 killer bees
  17 wights
  3 electric eels
  6 lava snakes (Volcano)
  A quasit (D:11)
  A bullfrog zombie (D:12)
  4 centaur zombies
  6 jellies
  27 orc priests
  3 hounds
  A human zombie (Ossuary)
  A gnoll shaman (D:5)
  2 iron imps (Gauntlet)
  A bullfrog skeleton (D:13)
  7 iguanas
  6 worker ants
  36 orc wizards
  6 hell rats (Lair:2)
  4 small abominations (Gauntlet)
  4 hound skeletons
  4 mummies (Ossuary)
  A worker ant zombie (D:10)
  7 gnolls
  14 adders
  A shadow imp (D:9)
  7 white imps
  An ufetubus (D:6)
  An ooze (D:2)
  A worm zombie (D:6)
  An adder skeleton (D:5)
  6 worms
  6 leopard geckos
  86 orcs
  5 giant cockroaches
  5 goblins
  7 hobgoblins
  8 jackals
  9 kobolds
  6 quokkas
  A ball python (D:12)
  11 bats
  2 frilled lizards (D:2)
  2 gnoll zombies (Ossuary)
  2 goblin zombies (Ossuary)
  A hobgoblin zombie (Ossuary)
  A leopard gecko skeleton (D:6)
  An orc zombie (Ossuary)
  2 quokka skeletons
  A quokka zombie (D:6)
  5 rats
  5 tentacles (Shoals:1)
1198 creatures vanquished.

Vanquished Creatures (others)
  An ugly thing (IceCv)
  2 jumping spiders (Spider:2)
  A tarantella (Spider:2)
  An orc wizard (D:9)
  A river rat (D:12)
  An orc (D:12)
  2 demonic plants (Gauntlet)
  62 fungi
  149 plants
  13 tentacles (Shoals:1)
233 creatures vanquished.

Grand Total: 1431 creatures vanquished

Notes
Turn   | Place    | Note
-------+----------+-------------------------------------------
     0 | D:1      | Ijustatesigmund the Demonspawn Fighter began the quest for
                  | the Orb.
     0 | D:1      | Reached XP level 1. HP: 18/18 MP: 1/1
   928 | D:1      | Gained mutation: You are partially covered in rugged brown
                  | scales. (AC +1, +3% HP) [demonic ancestry]
   928 | D:1      | Reached XP level 2. HP: 13/24 MP: 2/2
  1111 | D:2      | Reached skill level 1 in Dodging
  1111 | D:2      | Gained mutation: You are mostly covered in rugged brown
                  | scales. (AC +2, +5% HP) [demonic ancestry]
  1111 | D:2      | Reached XP level 3. HP: 21/30 MP: 3/3
  1597 | D:2      | Found a faded altar of an unknown god.
  1721 | D:2      | Found a shimmering blue altar of Sif Muna.
  2004 | D:2      | Noticed Sigmund
  2014 | D:2      | Killed Sigmund
  2015 | D:2      | Reached skill level 4 in Fighting
  2015 | D:2      | Gained mutation: You have sharp toenails. [demonic
                  | ancestry]
  2015 | D:2      | Reached XP level 4. HP: 28/38 MP: 4/4
  2015 | D:2      | Gained mutation: You may rarely emit foul miasma when
                  | damaged in melee. [demonic ancestry]
  2015 | D:2      | Reached XP level 5. HP: 33/44 MP: 5/5
  2427 | D:3      | Noticed Purgy
  2434 | D:3      | Killed Purgy
  2435 | D:3      | Reached XP level 6. HP: 39/51 MP: 6/6
  2740 | D:3      | Found an opulent altar of Gozag.
  3374 | D:4      | Reached skill level 5 in Axes
  3467 | D:4      | Gained mutation: You are completely covered in rugged brown
                  | scales. (AC +3, +7% HP) [demonic ancestry]
  3467 | D:4      | Reached XP level 7. HP: 42/58 MP: 7/7
  3798 | D:5      | Entered Level 5 of the Dungeon
  4011 | D:5      | Reached skill level 5 in Fighting
  4785 | D:4      | Gained mutation: You regenerate a little health from kills.
                  | [demonic ancestry]
  4785 | D:4      | Reached XP level 8. HP: 53/67 MP: 8/8
  5028 | D:4      | Found a stormy altar of Qazlal.
  5329 | D:5      | Found a staircase to the Ecumenical Temple.
  5339 | Temple   | Entered the Ecumenical Temple
  5864 | D:6      | Found a sand-covered staircase.
  5899 | Ossuary  | Entered an ossuary
  6386 | D:6      | Reached skill level 6 in Fighting
  6438 | D:6      | Identified Wapihiod's Almanac of Fiery Orientation
  6661 | D:6      | Reached skill level 5 in Armour
  6952 | D:6      | Gained mutation: You have razor-sharp toenails. [demonic
                  | ancestry]
  6952 | D:6      | Reached XP level 9. HP: 69/74 MP: 7/9
  7259 | D:7      | Noticed Prince Ribbit
  7282 | D:7      | Killed Prince Ribbit
  7422 | D:7      | Reached skill level 7 in Fighting
  7666 | D:7      | Found an iron altar of Okawaru.
  7862 | D:8      | Found a burning altar of Makhleb.
  7863 | D:8      | Noticed an oklob plant
  8387 | D:8      | Found a staircase to the Lair.
  8397 | D:8      | Identified the +9 long sword of the People {protect, Dex+5}
  8530 | D:8      | Found a snail-covered altar of Cheibriados.
  8547 | D:8      | Became a worshipper of Cheibriados the Contemplative
  8773 | D:9      | Reached skill level 1 in Invocations
  9085 | D:9      | Found a broken altar of Ashenzari.
  9155 | D:9      | Reached XP level 10. HP: 79/84 MP: 10/12
  9210 | D:9      | Found a shimmering altar of Xom.
  9210 | D:9      | Found a shimmering altar of Xom.
  9218 | D:9      | Found a shimmering altar of Xom.
  9348 | D:9      | Reached skill level 5 in Invocations
  9356 | D:9      | Found a staircase to the Orcish Mines.
  9575 | D:10     | Entered Level 10 of the Dungeon
  9785 | D:10     | Found Zahab's Weapon Emporium.
  9947 | D:10     | Reached skill level 8 in Fighting
 10004 | D:10     | Found a basalt altar of Yredelemnul.
 10265 | D:11     | You fall into a shaft and drop 1 floor!
 10305 | D:12     | Reached * piety under Cheibriados
 10377 | D:11     | Noticed Grum
 10384 | D:11     | Killed Grum
 10385 | D:11     | Reached skill level 5 in Shields
 10757 | D:11     | Noticed a cyclops
 10768 | D:11     | Killed a cyclops
 11328 | D:12     | Reached ** piety under Cheibriados
 11656 | D:12     | Noticed a two-headed ogre
 11661 | D:12     | Killed a two-headed ogre
 11662 | D:12     | Reached skill level 1 in Evocations
 11662 | D:12     | Gained mutation: You have claws for feet. [demonic
                  | ancestry]
 11662 | D:12     | Reached XP level 11. HP: 93/93 MP: 16/16
 12032 | D:12     | Reached skill level 10 in Axes
 12286 | D:12     | Noticed a rakshasa
 12382 | D:12     | Noticed Nessos
 12394 | D:12     | Killed Nessos
 12430 | D:12     | Found a runed translucent door.
 12431 | D:12     | Noticed an ogre mage
 12431 | D:12     | Noticed a sphinx
 12432 | D:12     | Noticed an ettin
 12449 | D:12     | Noticed a two-headed ogre
 12453 | D:12     | Reached *** piety under Cheibriados
 12454 | D:12     | Reached skill level 9 in Fighting
 12459 | D:12     | Killed a two-headed ogre
 12518 | D:12     | Reached skill level 5 in Dodging
 12574 | D:12     | Found a portal to a secret trove of treasure.
 13145 | D:13     | Noticed a centaur warrior
 13158 | D:13     | Killed a centaur warrior
 13197 | D:13     | Noticed a brown ugly thing
 13209 | D:13     | Killed a brown ugly thing
 13215 | D:13     | Found a frozen archway.
 13248 | IceCv    | Entered an ice cave
 13253 | IceCv    | Reached **** piety under Cheibriados
 13314 | IceCv    | Noticed a white ugly thing
 13328 | IceCv    | Killed a white ugly thing
 13881 | IceCv    | Reached XP level 12. HP: 35/102 MP: 3/18
 14245 | IceCv    | Identified the +6 short sword "Enainupt" {vamp, Int+4}
 14250 | IceCv    | Identified the +7 ice dragon scales of Durable Creativity
                  | {rPois rF- rC++ Will+}
 14460 | D:13     | Found a gate to the Vaults.
 14460 | D:13     | Noticed a centaur warrior
 14460 | D:13     | Noticed a vault guard
 14460 | D:13     | Noticed a vault guard
 14460 | D:13     | Noticed a vault guard
 14460 | D:13     | Noticed a vault guard
 14460 | D:13     | Noticed a two-headed ogre
 14465 | D:13     | Killed a centaur warrior
 14481 | D:13     | Killed a vault guard
 14486 | D:13     | Killed a vault guard
 14495 | D:13     | Killed a two-headed ogre
 14498 | D:13     | Killed a vault guard
 14499 | D:13     | Reached skill level 10 in Fighting
 14511 | D:13     | Killed a vault guard
 14620 | D:13     | Noticed a tengu warrior
 14626 | D:13     | Reached skill level 10 in Invocations
 14641 | D:13     | Killed a tengu warrior
 15105 | D:13     | Noticed a boulder beetle
 15143 | D:13     | Killed a boulder beetle
 15148 | D:13     | Noticed a storm dragon
 15149 | D:13     | Noticed a frost giant
 15227 | D:12     | Killed an ettin
 15822 | Lair:1   | Entered Level 1 of the Lair of Beasts
 15956 | Lair:1   | Reached XP level 13. HP: 107/111 MP: 18/21
 15980 | Lair:1   | Found a runed translucent gate.
 15980 | Lair:1   | Found a runed translucent gate.
 15981 | Lair:1   | Found a runed translucent gate.
 15985 | Lair:1   | Noticed Bapho's ghost (journeyman OpWz)
 16319 | Lair:1   | Reached ***** piety under Cheibriados
 16320 | Lair:1   | Reached skill level 11 in Fighting
 17734 | Lair:2   | Learned a level 2 spell: Blink
 17782 | Lair:3   | Reached skill level 1 in Translocations
 18083 | Lair:3   | Gained mutation: Your magical and physical power is
                  | slightly enhanced at high health. [demonic ancestry]
 18083 | Lair:3   | Reached XP level 14. HP: 120/121 MP: 21/23
 18151 | Lair:3   | Found a hole to the Spider Nest.
 18168 | Lair:3   | Noticed Fannar
 18188 | Lair:3   | Killed Fannar
 18188 | Lair:3   | Reached ****** piety under Cheibriados
 18620 | Lair:4   | Found a staircase to the Shoals.
 18620 | Lair:4   | Noticed Josephine
 18627 | Lair:4   | Killed Josephine
 18628 | Lair:4   | Reached skill level 5 in Translocations
 18746 | Lair:4   | Found a dark tunnel.
 18756 | Volcano  | Entered a volcano
 18857 | Volcano  | Reached skill level 10 in Armour
 18942 | Volcano  | Found a burning altar of Makhleb.
 18978 | Volcano  | Found a bloodstained altar of Trog.
 19615 | Lair:5   | You fall into a shaft and drop 1 floor!
 19615 | Lair:6   | Entered Level 6 of the Lair of Beasts
 19627 | Lair:5   | Reached skill level 12 in Fighting
 21045 | Lair:6   | Gained mutation: You sometimes emit foul miasma when
                  | damaged in melee. [demonic ancestry]
 21045 | Lair:6   | Reached XP level 15. HP: 130/130 MP: 20/25
 21333 | Lair:6   | Found a staircase to the Slime Pits.
 21578 | Orc:1    | Entered Level 1 of the Orcish Mines
 21722 | Orc:1    | Noticed Urug
 21731 | Orc:1    | Noticed an orc warlord
 21739 | Orc:1    | Killed Urug
 21754 | Orc:1    | Killed an orc warlord
 22041 | Orc:2    | Entered Level 2 of the Orcish Mines
 22045 | Orc:2    | Noticed an orc warlord
 22070 | Orc:1    | Killed an orc warlord
 22351 | Orc:2    | Found a staircase to the Elven Halls.
 22352 | Orc:2    | Found Uzodyedu's Weapon Shoppe.
 22514 | Orc:2    | Found Cipneg's General Store.
 22517 | Orc:2    | Found Fas Vekk's General Store.
 22538 | Orc:2    | Reached skill level 15 in Invocations
 22585 | Orc:2    | Bought a potion of heal wounds for 85 gold pieces
 22650 | Orc:2    | Reached skill level 5 in Evocations
 22719 | Orc:2    | Paralysed by an orc sorcerer for 6 turns
 23030 | Orc:2    | Found Beaneem's Antique Weapon Shoppe.
 23030 | Orc:2    | Found Souwaav's Jewellery Emporium.
 23031 | Orc:2    | Found a one-way gate leading to the halls of Pandemonium.
 23392 | D:14     | Noticed Frances
 23410 | D:14     | Killed Frances
 23678 | D:14     | Noticed a tengu reaver
 23684 | D:14     | Gained mutation: You regenerate health from kills. [demonic
                  | ancestry]
 23684 | D:14     | Reached XP level 16. HP: 123/138 MP: 28/28
 23693 | D:14     | Killed a tengu reaver
 23694 | D:14     | Reached skill level 13 in Fighting
 23848 | D:14     | Identified the ring "Kuolas" {rF+ Int+7}
 23924 | D:15     | Entered Level 15 of the Dungeon
 23959 | D:15     | Found Reutzyz's Jewellery Emporium.
 23974 | D:15     | Bought an amulet of reflection for 540 gold pieces
 24011 | D:15     | Found Avolok's Antique Weapon Shop.
 24027 | D:15     | Found Zaer Jish's Magic Scroll Boutique.
 24034 | D:15     | Bought a scroll of teleportation for 45 gold pieces
 24034 | D:15     | Bought a scroll of fog for 30 gold pieces
 24103 | D:15     | Found a gate leading to a gauntlet.
 24116 | Gauntlet | Entered a Gauntlet
 24116 | Gauntlet | Found a transporter.
 24116 | Gauntlet | Found a transporter.
 24117 | Gauntlet | Upgraded the game from 0.27-a0-604-g29a88b33a7 to
                  | 0.27-a0-637-g3a9f0a9c12
 24137 | Gauntlet | Found a transporter.
 24139 | Gauntlet | Found a transporter.
 24147 | Gauntlet | Found a transporter.
 24151 | Gauntlet | Found a transporter.
 24161 | Gauntlet | Found a transporter.
 24183 | Gauntlet | Found a transporter.
 24201 | Gauntlet | Found a transporter.
 24205 | Gauntlet | Found a transporter.
 24215 | Gauntlet | Found a transporter.
 24219 | Gauntlet | Found a transporter.
 24278 | Gauntlet | Identified the +0 hat of Lakal {Regen+}
 24649 | D:15     | Found a staircase to the Depths.
 24735 | D:15     | Noticed Kirke
 24749 | D:15     | Killed Kirke
 25104 | Spider:1 | Entered Level 1 of the Spider Nest
 25116 | Spider:1 | Reached skill level 14 in Fighting
 25672 | Spider:1 | Noticed Agnes
 25680 | Spider:1 | Killed Agnes
 25681 | Spider:1 | Reached skill level 15 in Fighting
 26243 | Spider:2 | Reached XP level 17. HP: 147/154 MP: 0/29
 26259 | Spider:2 | Reached skill level 16 in Fighting
 26572 | Spider:2 | Found a runed translucent gate.
 26572 | Spider:2 | Found a runed translucent gate.
 26574 | Spider:2 | Found a runed translucent gate.
 26574 | Spider:2 | Noticed Keridd's ghost (journeyman DsFi)
 26612 | Spider:2 | Killed Keridd's ghost
 26613 | Spider:2 | Reached skill level 15 in Axes
 26645 | Spider:2 | Identified the +0 helmet "Gubiun" {Rampage rElec}
 26651 | Spider:2 | Identified the ring "Jasunauf" {Fire rN+ Dex-4 SInv}
 26656 | Spider:2 | Reached skill level 17 in Fighting
 26656 | Spider:2 | Reached XP level 18. HP: 166/166 MP: 30/30
 27211 | Spider:3 | Reached skill level 18 in Fighting
 27983 | Spider:4 | Entered Level 4 of the Spider Nest
 27983 | Spider:4 | Noticed Arachne
 28019 | Spider:4 | Killed Arachne
 28669 | Spider:4 | Got a gossamer rune of Zot
 29252 | Shoals:1 | Entered Level 1 of the Shoals
 29374 | Shoals:1 | Noticed Jorgrun
 29384 | Shoals:1 | Killed Jorgrun
 29409 | Shoals:1 | Found Hunesiep's Jewellery Boutique.
 29431 | Shoals:1 | Bought the ring of Ilixifuk {+Fly rPois MP-9 Str+2 Dex+2}
                  | for 218 gold pieces
 29669 | Shoals:1 | Gained mutation: Your magical and physical power is
                  | enhanced at high health. [demonic ancestry]
 29669 | Shoals:1 | Reached XP level 19. HP: 176/176 MP: 22/31
 30053 | Shoals:2 | Found a runed translucent door.
 30056 | Shoals:2 | Found a shimmering altar of Xom.
 30056 | Shoals:2 | Noticed Giczil's ghost (adept HOFi)
 30056 | Shoals:2 | Identified the +9 quick blade of the Endless Expanse
                  | {chaos, Str+6 SInv Stlth-}
 30113 | Shoals:2 | Killed Giczil's ghost
 30126 | Shoals:2 | Identified the Incunabulum of the Arsonist and Lightness
 30537 | Shoals:2 | Noticed Ilsuiw
 30616 | Shoals:2 | Noticed Nikola
 30854 | Shoals:2 | Killed Ilsuiw
 31039 | Shoals:2 | Killed Nikola
 31164 | Shoals:3 | Noticed Mara
 31176 | Shoals:3 | Noticed Ijustatesigmund's illusion
 31283 | Shoals:3 | Noticed Ijustatesigmund's illusion
 31386 | Shoals:3 | Noticed Ijustatesigmund's illusion
 31458 | Shoals:2 | Noticed Ijustatesigmund's illusion
 31471 | Shoals:2 | Killed from afar by Mara

Illustrated notes

Levels and vault maps discovered:
D:1:      minmay_arrival_four_circles, layout_loops_ring
D:2:      kennysheep_six_static_rooms, layout_loops_ring,
          overflow_temple_1_default, chequers_ecumenical_altar_twisty,
          grunt_ministairs_1, uniq_sigmund
D:3:      layout_loops_ring, lemuel_coloured_pillars_altar, st_stairs_7,
          uniq_purgy
D:4:      layout_gridville, nicolae_qazlal_eye_of_the_storm
D:5:      layout_basic, temple_green
D:6:      minmay_flawed_box, layout_rooms, enter_ossuary_3
D:7:      layout_loops_ring, overflow_temple_1_default, grunt_ministairs_6,
          uniq_prince_ribbit1
D:8:      layout_loops_ring, nicolae_elyvilon_peaceful_grove,
          cheibrodos_worm_habitat, grunt_lair_entry_orc_guard_hut,
          lemuel_oklob_altar
D:9:      layout_rooms, cheibrodos_ashenzari_chains, xom_redecorated,
          orc_0_dummy
D:10:     layout_small_grid, basic_altar, serial_shops, shop_fountains
D:11:     layout_roguey, uniq_grum
D:12:     wad_bat_island, layout_basic, trove_entry_hex_spiral,
          minmay_st_funbox, uniq_nessos
D:13:     cross_vault, layout_rooms, lightli_vaults_fourway_checkpoint,
          special_room [special_room_bee], portal_ice_cave_demonic_guard
D:14:     kennysheep_green_arena, layout_rooms, chequers_serial_rivers_micro_a,
          uniq_frances
D:15:     hangedman_depths_entry_civil_slaughter, layout_rooms,
          gauntlet_entry_generic, minmay_stone_trees_small, serial_shops,
          nicolae_shop_stone, shop, nicolae_shop_overgrown_old_shop, uniq_kirke
Temple:   eino_temple_water
Lair:1:   beast_lair_carwin_large_1, layout_cave_pods,
          ebering_ghost_rock_garden, minivault_25
Lair:2:   layout_gridlike, wad_woods_road_02, infiniplex_staircase_pool
Lair:3:   layout_loops_ring, spider_nest_entry_rubble, uniq_fannar
Lair:4:   layout_loops_ring, shoals_dummy_entry, nicolae_volcano_entry_s_turn,
          uniq_josephine
Lair:5:   layout_gridlike, lemuel_another_geyser
Lair:6:   minmay_lair_end_frog_pond, layout_long_grid,
          minmay_slime_entry_oklob_enclosed, serial_bayou_pond_e
Shoals:1: layout_shoals, serial_shops, nicolae_shop_stone, uniq_jorgrun
Shoals:2: layout_shoals, ebering_ghost_xom, nicolae_shoals_flooded_hall,
          uniq_ilsuiw, uniq_nikola
Shoals:3: layout_shoals, nicolae_shoals_this_corrosion, uniq_mara
Spider:1: layout_chambers, uniq_agnes
Spider:2: layout_spider_delve, gammafunk_ghost_split
Spider:3: layout_chambers, hangedman_spider_tarantella_strand
Spider:4: spider_rune_water, drop_trap, uniq_arachne
Orc:1:    layout_caves, mines2_david, uniq_urug
Orc:2:    pf_orc_diabolical, layout_caves, serial_shops, nicolae_shop_stone

Skill      XL: |  1  2  3  4  5  6  7  8  9 10 11 12 13 14 15 16 17 18 19 |
---------------+----------------------------------------------------------+-----
Axes           | 2 4 5 6 7 9 10 11 12 13 14 15 16 | 16.1
Dodging        | 1 2 4 5 7 9 |  9.0
Fighting       | 4 5 6 7 8 9 10 11 12 15 17 18 | 18.9
Armour         | 3 4 5 6 7 8 9 10 11 | 11.0
Shields        | 4 5 6 8 9 |  9.6
Invocations    | 3 6 8 10 12 13 16 17 | 17.5
Evocations     | 1 7 |  7.4
Translocations | 3 6 |  6.3

Action                   |  1- 3 |  4- 6 |  7- 9 | 10-12 | 13-15 | 16-18 | 19-21 || total
-------------------------+-------+-------+-------+-------+-------+-------+-------++-------
Melee: War axe           |   129 |    94 |   448 |   663 |  1023 |   841 |   413 ||  3611
       Kick              |       |    25 |   133 |   345 |   628 |   517 |   230 ||  1878
       Morningstar       |       |       |       |       |    39 |       |       ||    39
       Broad axe         |       |       |       |       |       |    17 |       ||    17
Throw: Dart              |       |       |     4 |     3 |     1 |     2 |       ||    10
       Javelin           |       |       |       |       |       |     6 |    12 ||    18
 Cast: Blink             |       |       |       |       |       |     5 |       ||     5
Invok: Slouch            |       |       |       |     3 |     1 |     3 |     4 ||    11
       Step From Time    |       |       |       |       |     1 |       |       ||     1
 Abil: Evoke Flight      |       |       |       |       |       |     1 |       ||     1
Evoke: Wand              |       |       |       |    26 |     6 |     3 |    18 ||    53
  Use: Potion            |     4 |       |     1 |     8 |       |     1 |     2 ||    16
       Scroll            |     3 |     2 |    17 |    10 |     8 |     5 |     4 ||    49
Armor: Scale mail        |    64 |    42 |   136 |       |       |       |       ||   242
       Chain mail        |       |       |     4 |   175 |       |       |       ||   179
       Ice dragon scales |       |       |       |    73 |   375 |   344 |   119 ||   911
Dodge: Dodged            |    44 |    49 |   328 |   519 |  1049 |   748 |   252 ||  2989
Block: Kite shield       |    65 |    56 |   233 |   548 |  1106 |  1105 |   540 ||  3653
       Reflection        |       |       |       |       |       |    13 |    53 ||    66

Table legend: (Time is in decaauts)
 A = Elapsed time spent in this place.
 B = Non-inter-level travel time spent in this place.
 C = Inter-level travel time spent in this place.
 D = Time resting spent in this place.
 E = Time spent auto-exploring this place.
 F = Levels seen in this place.
 G = Mean time per level.
                   A        B        C        D        E       F      G
               +--------+--------+--------+--------+--------+-----+--------+
         Total |  44385 |  41985 |   2400 |   4861 |  27703 |  35 | 1268.1 |
       Dungeon |  18611 |  17494 |   1117 |   2999 |  10833 |  15 | 1240.7 |
        Temple |    223 |    203 |     20 |      0 |    203 |   1 |  223.0 |
          Lair |   9694 |   8982 |    712 |      4 |   7506 |   6 | 1615.7 |
        Shoals |   3470 |   3384 |     86 |    301 |   2005 |   3 | 1156.7 |
   Spider Nest |   7028 |   6657 |    371 |    132 |   5217 |   4 | 1757.0 |
  Orcish Mines |   2610 |   2518 |     92 |    297 |   1573 |   2 | 1305.0 |
       Ossuary |    436 |    436 |      0 |    166 |     86 |   1 |  436.0 |
      Ice Cave |   1270 |   1270 |      0 |    955 |      0 |   1 | 1270.0 |
       Volcano |    492 |    492 |      0 |      2 |    279 |   1 |  492.0 |
      Gauntlet |    547 |    547 |      0 |      4 |      0 |   1 |  547.0 |
               +--------+--------+--------+--------+--------+-----+--------+

Top non-repeatable levels by time:
    D:12: 3279 daAuts
Spider:3: 2104 daAuts
Spider:1: 2071 daAuts
Shoals:2: 1849 daAuts
  Lair:6: 1781 daAuts
  Lair:2: 1732 daAuts
  Lair:1: 1722 daAuts
Spider:4: 1674 daAuts
  Lair:3: 1592 daAuts
   Orc:2: 1560 daAuts
  Lair:5: 1549 daAuts
Shoals:1: 1495 daAuts
    D:13: 1456 daAuts
     D:2: 1369 daAuts
  Lair:4: 1316 daAuts
